 Dungeon Crawl Stone Soup version 0.26-a0-834-g69557b85cc (webtiles) character file.

Game seed: 215232566252643924

167 marklar909 the Sneak (level 5, 0/46 HPs)
             Began as a Draconian Delver on Nov 17, 2020.
             Was a Follower of Cheibriados.
             Slain by a gnoll
             ... wielding a +0 flail
              (8 damage)
             ... on level 4 of the Dungeon.
             The game lasted 00:03:41 (3547 turns).

marklar909 the Sneak (Draconian Delver)             Turns: 3547, Time: 00:03:41

Health: 0/46       AC:  6    Str: 16    XL:     5   Next: 23%
Magic:  2/5        EV:  7    Int: 12    God:    Cheibriados [*.....]
Gold:   148        SH:  0    Dex: 16    Spells: 4/4 levels left

rFire    . . .     SeeInvis .   a - +0 falchion
rCold    . . .     Faith    .   (no shield)
rNeg     . . .     Spirit   .   (armour unavailable)
rPois    +         Reflect  .   (helmet restricted)
rElec    .         Harm     .   v - +0 cloak (curse)
rCorr    .         Rampage  .   (no gloves)
MR       .....                  (no boots)
Stlth    +++.......             (no amulet)
HPRegen  0.15/turn              u - ring of poison resistance
MPRegen  0.09/turn              (no ring)

@: held, very slow
A: unfitting armour, cold-blooded, AC +5
a: Bend Time, Renounce Religion


You were on level 4 of the Dungeon.
You worshipped Cheibriados.
Cheibriados was aware of your devotion.
You visited 1 branch of the dungeon, and saw 5 of its levels.

You collected 148 gold pieces.

Inventory:

Hand Weapons
 a - a +0 falchion (weapon)
Missiles
 n - 23 poisoned darts (quivered)
Armour
 g - a +0 kite shield
 v - a cursed +0 cloak (worn)
Jewellery
 u - a ring of poison resistance (left hand)
Wands
 f - a wand of digging (3)
 t - a wand of paralysis (6)
 w - a wand of polymorph (7)
Scrolls
 b - a scroll of fog
 c - 2 scrolls of magic mapping
 d - 3 scrolls of fear
 h - 6 scrolls of identify {unknown}
 i - 4 scrolls of teleportation {unknown}
 o - 2 scrolls of noise {unknown}
 q - 2 scrolls of enchant weapon {unknown}
Potions
 e - a potion of haste
 j - a potion of attraction {unknown}
 k - a potion of berserk rage {unknown}
 l - 3 potions of curing {unknown}
 m - 2 potions of flight {unknown}
 p - a potion of might {unknown}
 r - a potion of heal wounds {unknown}
 s - a potion of mutation {unknown}


   Skills:
 * Level 3.9 Fighting
 * Level 3.5 Long Blades
 * Level 2.3 Dodging
 + Level 5.4 Stealth
 * Level 0.9 Shields


You had 4 spell levels left.
You didn't know any spells.
Your spell library was empty.

Dungeon Overview and Level Annotations

Branches:
Dungeon (5/15)
 Temple: D:4-7

Altars:
Cheibriados
Fedhas
Nemelex Xobeh
Xom
The Shining One


Innate Abilities, Weirdness & Mutations

Your plain brown scales are hard. (AC +5)
You cannot fit into any form of body armour.
You are cold-blooded and may be slowed by cold attacks.


Message History

Unknown command.
You struggle against the net.
The gnoll barely misses you.
You riposte.
You hit the gnoll. You tail-slap the gnoll.
The gnoll is moderately wounded.
The gnoll hits you from afar with a +0 vampiric spear.
Unknown command.
You struggle against the net.
The gnoll hits you with a +0 flail!
The gnoll hits you from afar with a +0 vampiric spear.
You struggle against the net.
The gnoll closely misses you.
The gnoll hits you from afar with a +0 vampiric spear.
Unknown command.
You struggle against the net.
The gnoll hits you with a +0 flail!
* * * LOW HITPOINT WARNING * * *
The gnoll hits you but does no damage.
The gnoll hits you from afar with a +0 vampiric spear.
* * * LOW HITPOINT WARNING * * *
Unknown command.
Okay, then.
You struggle against the net.
The gnoll hits you with a +0 flail!
You die...

....... .. .......## ..
........###. ...........
..........# ........g.##
.......gg..# $......@#
.(......#########
................##
........#######..#######
........................
.........######†########
.......### #.# ......#
##.## ###### ####...#


You could see 3 gnolls.

Vanquished Creatures
  7 adders
  An ooze (D:1)
  A worm (D:3)
  7 dart slugs
  4 leopard geckos
  7 orcs
  3 ball pythons
  2 giant cockroaches (D:1)
  5 hobgoblins
  A jackal (D:3)
  11 kobolds
  A quokka (D:4)
  4 bats
  5 frilled lizards
  7 goblins
  10 rats
76 creatures vanquished.

Vanquished Creatures (others)
  5 plants (D:1)
5 creatures vanquished.

Grand Total: 81 creatures vanquished

Notes
Turn   | Place    | Note
-------+----------+-------------------------------------------
     0 | D:5      | marklar909 the Draconian Delver began the quest for the
                  | Orb.
     0 | D:5      | Reached XP level 1. HP: 19/19 MP: 1/1
    45 | D:5      | Noticed a sky beast
   140 | D:2      | Reached XP level 2. HP: 15/26 MP: 2/2
   538 | D:2      | Reached skill level 5 in Stealth
   649 | D:2      | Reached XP level 3. HP: 18/31 MP: 3/3
  1430 | D:1      | Reached XP level 4. HP: 40/40 MP: 4/4
  2576 | D:3      | Found a sparkling altar of Nemelex Xobeh.
  2590 | D:3      | Found a snail-covered altar of Cheibriados.
  2608 | D:3      | Found a shimmering altar of Xom.
  2611 | D:3      | Found a glowing golden altar of the Shining One.
  2737 | D:3      | Became a worshipper of Cheibriados the Contemplative
  3097 | D:3      | Reached XP level 5. HP: 46/46 MP: 5/5
  3506 | D:4      | Found a blossoming altar of Fedhas.
  3522 | D:4      | Reached * piety under Cheibriados
  3547 | D:4      | Slain by a gnoll

Illustrated notes

Levels and vault maps discovered:
D:1:      tarquinn_simple_flora_water_e, layout_loops_ring,
          lexackson_kobold_supper
D:2:      layout_loops_ring
D:3:      minmay_bubble_buster, layout_loops_ring,
          grunt_temple_overflow_cloverleaf, chequers_arboretum
D:4:      layout_rooms, fedhas_altar_1, minmay_misc_feat_x, trog_book
D:5:      layout_loops_ring, minmay_temple_entry_mist, serial_shops,
          nicolae_shop_overgrown_old_shop

Skill      XL: |  1  2  3  4 |
---------------+-------------+-----
Stealth        | 5 |  5.4
Dodging        | 2 |  2.3
Long Blades    | 3 |  3.5
Fighting       | |  3.9
Shields        | |  0.9

Action                   |  1- 3 |  4- 6 || total
-------------------------+-------+-------++-------
Melee: Falchion          |    67 |   119 ||   186
       Tailslap          |     7 |    26 ||    33
Throw: Dart              |       |     5 ||     5
Invok: Bend Time         |       |     1 ||     1
 Stab: Sleeping          |     8 |     8 ||    16
Armor: Skin              |    14 |    35 ||    49
Dodge: Dodged            |    44 |    88 ||   132
       Rpst.: Falchion   |     7 |    34 ||    41

Table legend: (Time is in decaauts)
 A = Elapsed time spent in this place.
 B = Non-inter-level travel time spent in this place.
 C = Inter-level travel time spent in this place.
 D = Time resting spent in this place.
 E = Time spent auto-exploring this place.
 F = Levels seen in this place.
 G = Mean time per level.
                   A        B        C        D        E       F      G
               +--------+--------+--------+--------+--------+-----+--------+
         Total |   3715 |   3453 |    262 |    514 |   2324 |   5 |  743.0 |
       Dungeon |   3715 |   3453 |    262 |    514 |   2324 |   5 |  743.0 |
               +--------+--------+--------+--------+--------+-----+--------+

Top non-repeatable levels by time:
     D:2: 1338 daAuts
     D:3: 1263 daAuts
     D:1: 939 daAuts
     D:5: 109 daAuts
     D:4: 64 daAuts
